 Dungeon Crawl Stone Soup version 0.21-a0-227-g58a7c62 (webtiles) character file.

2143 Leszczynek the Grappler (level 9, -7/89 HPs)
             Began as a Troll Skald on Aug 30, 2017.
             Was a Priest of Uskayaw.
             Hit by a large rock thrown by a cyclops (13 damage)
             ... on level 10 of the Dungeon.
             The game lasted 00:12:47 (2517 turns).

Leszczynek the Grappler (Troll Skald)               Turns: 2517, Time: 00:12:48

Health: -7/89      AC:  6    Str: 21    XL:     9   Next: 9%
Magic:  9/9        EV: 11    Int: 11    God:    Uskayaw [***...]
Gold:   261        SH:  0    Dex: 10    Spells: 6/10 levels left

rFire    . . .     SeeInvis .     - Unarmed
rCold    . . .     Gourm    +   (no shield)
rNeg     . . .     Faith    .   a - +0 robe
rPois    .         Spirit   .   (helmet restricted)
rElec    .         Reflect  .   p - +0 cloak
rCorr    .         Harm     .   (gloves unavailable)
MR       .....                  (boots unavailable)
Stlth    +.........             (no amulet)
HPRegen  0.64/turn              (no ring)
MPRegen  0.11/turn              (no ring)

@: lethally poisoned (-7 -> -7), about to teleport
A: unfitting armour, claws 3, fast metabolism 3, gourmand, regeneration 1,
shaggy fur 1, tough skin 2
a: Stomp, Line Pass, Renounce Religion


You were on level 10 of the Dungeon.
You worshipped Uskayaw.
Uskayaw was noncommittal.
You were very full.

You visited 1 branch of the dungeon, and saw 10 of its levels.
You also visited: Ossuary.

You collected 261 gold pieces.

Inventory:

Hand Weapons
 K - a +0 blowgun
Missiles
 u - 22 bolts
 w - 4 large rocks (quivered)
Armour
 a - a +0 robe (worn)
 p - a +0 cloak (worn)
Magical Staves
 z - an uncursed staff of summoning
Jewellery
 c - an uncursed ring of ice
Wands
 s - a wand of polymorph (5/24)
 I - a wand of confusion (26/48)
Scrolls
 h - a scroll of recharging {unknown}
 i - 4 scrolls of teleportation
 l - a scroll of enchant armour {unknown}
 m - 2 scrolls of enchant weapon {unknown}
 v - a scroll of torment {unknown}
 A - 3 scrolls of amnesia
 B - a scroll of blinking {unknown}
 D - a scroll of summoning {unknown}
 H - 2 scrolls of magic mapping {unknown}
Potions
 k - a potion of lignification {!q}
 n - a potion of curing {@q1}
 q - a potion of brilliance
 r - 3 potions of flight
 t - a potion of ambrosia {unknown}
 x - a potion of heal wounds {unknown}
 C - a potion of resistance
 E - a potion of degeneration {unknown}
Books
 b - a book of Battle

   Spells                             Type                      Level
   a - Infusion                       Charms                       1
   b - Shroud of Golubria             Charms/Translocation         2
   c - Song of Slaying                Charms                       2
   d - Spectral Weapon                Hexes/Charms                 3
   e - Regeneration                   Charms/Necromancy            3
 F - a book of Misfortune

   Spells                             Type                      Level
   a - Confusing Touch                Hexes                        1
   b - Confuse                        Hexes                        3
   c - Gell's Gravitas                Translocation                3
   d - Petrify                        Transmutation/Earth          4
   e - Metabolic Englaciation         Hexes/Ice                    5
   f - Yara's Violent Unravelling     Hexes/Transmutation          5
Comestibles
 d - 6 bread rations
 f - 3 royal jellies
 j - 2 meat rations
 o - 2 fruits
 G - 7 chunks of flesh


   Skills:
 * Level 6.2 Fighting
 + Level 3.6 Dodging
 - Level 9.1 Unarmed Combat
 - Level 1.2 Spellcasting
 - Level 2.0 Charms


You had 6 spell levels left.
You knew the following spells:

 Your Spells              Type           Power        Failure   Level  Hunger
b - Shroud of Golubria    Chrm/Tloc      #.........   32%         2    ###....
c - Song of Slaying       Chrm           #.......     22%         2    ###....


Dungeon Overview and Level Annotations

Branches:
Dungeon (10/15)            Temple (0/1) D:7
   Lair: D:8-11         Orc: D:9-12

Altars:
Cheibriados
Gozag
Nemelex Xobeh
Uskayaw
Yredelemnul


Innate Abilities, Weirdness & Mutations

You are too large for most types of armour.
You have claws for hands.
Your metabolism is lightning-fast.
You like to eat raw meat.
Your natural rate of healing is unusually fast.
You are covered in fur. (AC +1)
You have very tough skin. (AC +2)


Message History

You feel sick.
You barely miss the crimson imp.
You feel sick.
The crimson imp hits you but does no damage.
You mangle the crimson imp!!
You kill the crimson imp!
You feel sick.
Uskayaw will force your foes to helplessly watch your dance.
The cyclops throws a large rock.
The large rock hits you!!!
* * * LOW HITPOINT WARNING * * *
Things that are here:
a large rock; a shapeshifter corpse You feel sick.
Okay, then.
As you read the scroll of teleportation, it crumbles to dust.
You feel strangely unstable.
You feel sick.
Uskayaw prepares the audience for your solo!
Unknown command.
The cyclops is no longer paralysed.
You feel sick.
The cyclops throws a large rock.
The large rock hits you!
You die...

.(.. .... ....
#.....#.... ### ..#
#.......... ..#...#
#..........######.#...#
..#.#.......@..(.....# .
.......########C#...#
...#.#....#.....#.# ..#
#.$.#...#5..^.#C#.#
#..........#.#.#
#)..#....#...<§...# #
...#.#.......#..#.#.#.##
. #..S#.....§..##.###..#
CY.....#..............#


You could see a cyclops.

Vanquished Creatures
  A spiny frog (shapeshifter) (D:10)
  Grinder (D:3)
  4 ogres
  2 ice beasts (D:5)
  A big kobold (D:8)
  Blork the orc (D:5)
  3 bullfrogs
  A scorpion (D:4)
  4 howler monkeys
  3 crimson imps
  A jelly (D:5)
  A gnoll shaman (D:4)
  2 hounds (D:4)
  Ijyb (D:4)
  Natasha (D:4)
  2 iguanas
  An orc wizard (D:6)
  2 worker ants (D:4)
  3 big kobold zombies (Ossuary)
  A hound zombie (D:5)
  A mummy (Ossuary)
  3 adders
  3 gnolls (D:4)
  A howler monkey skeleton (D:5)
  3 worms
  An adder skeleton (D:4)
  3 leopard geckos
  10 orcs
  2 spectral bats (Ossuary)
  3 bats
  4 bat simulacra (Ossuary)
  3 giant cockroaches
  9 gnoll zombies (Ossuary)
  2 goblins (D:1)
  4 hobgoblins
  4 jackals
  2 quokkas
  3 frilled lizards
  3 goblin simulacra (Ossuary)
  3 goblin zombies (Ossuary)
  5 hobgoblin zombies (Ossuary)
  5 kobolds
  4 kobold simulacra (Ossuary)
  4 kobold zombies (Ossuary)
  6 orc zombies (Ossuary)
  2 rats (D:1)
  4 spectral goblins (Ossuary)
  5 spectral kobolds (Ossuary)
  4 spectral rats (Ossuary)
142 creatures vanquished.

Vanquished Creatures (others)
  A quokka (D:4)
1 creature vanquished.

Grand Total: 143 creatures vanquished

Notes
Turn   | Place    | Note
-------+----------+-------------------------------------------
     0 | D:1      | Leszczynek the Troll Skald began the quest for the Orb.
     0 | D:1      | Reached XP level 1. HP: 19/19 MP: 1/1
   156 | D:1      | Reached XP level 2. HP: 27/27 MP: 2/2
   164 | D:1      | Learned a level 2 spell: Shroud of Golubria
   299 | D:2      | Found a hide-covered altar of Uskayaw.
   306 | D:2      | Reached skill level 3 in Unarmed Combat
   340 | D:2      | Became a worshipper of Uskayaw the Reveler
   367 | D:2      | Reached * piety under Uskayaw
   369 | D:2      | Reached ** piety under Uskayaw
   371 | D:2      | Reached XP level 3. HP: 31/33 MP: 3/3
   444 | D:2      | Found a basalt altar of Yredelemnul.
   574 | D:3      | Reached skill level 4 in Unarmed Combat
   614 | D:4      | Found a sparkling altar of Nemelex Xobeh.
   648 | D:4      | Noticed an ogre
   655 | D:4      | Ouch! That really hurt!
   666 | D:4      | Noticed Ijyb
   737 | D:3      | Ouch! That really hurt!
   740 | D:3      | Killed an ogre
   740 | D:3      | Reached skill level 5 in Unarmed Combat
   740 | D:3      | Reached XP level 4. HP: 19/41 MP: 1/4
   740 | D:3      | Reached XP level 5. HP: 23/48 MP: 1/5
   863 | D:3      | Noticed Grinder
   870 | D:3      | Reached *** piety under Uskayaw
   871 | D:3      | Killed Grinder
   871 | D:3      | Reached skill level 6 in Unarmed Combat
   871 | D:3      | Reached XP level 6. HP: 39/55 MP: 6/6
   902 | D:4      | Killed Ijyb
   985 | D:4      | Reached skill level 7 in Unarmed Combat
   993 | D:4      | Reached **** piety under Uskayaw
  1061 | D:4      | Reached XP level 7. HP: 51/62 MP: 7/7
  1066 | D:4      | Found a snail-covered altar of Cheibriados.
  1130 | D:4      | Reached skill level 8 in Unarmed Combat
  1197 | D:4      | Noticed Natasha
  1208 | D:4      | Killed Natasha
  1294 | D:5      | Entered Level 5 of the Dungeon
  1427 | D:5      | Reached skill level 9 in Unarmed Combat
  1546 | D:5      | Reached skill level 2 in Fighting
  1583 | D:5      | Reached XP level 8. HP: 73/74 MP: 3/8
  1614 | D:6      | Noticed Blork the orc
  1621 | D:5      | Killed Blork the orc
  1621 | D:5      | Reached skill level 3 in Fighting
  1660 | D:6      | Got a warped falchion
  1713 | D:5      | Reached skill level 4 in Fighting
  1759 | D:6      | Found an opulent altar of Gozag.
  1769 | D:6      | Found a sand-covered staircase.
  1777 | Ossuary  | Entered an ossuary
  1836 | Ossuary  | Reached skill level 2 in Dodging
  2158 | D:7      | Found a staircase to the Ecumenical Temple.
  2189 | D:7      | Learned a level 2 spell: Song of Slaying
  2228 | D:8      | Reached skill level 5 in Fighting
  2228 | D:8      | Reached ***** piety under Uskayaw
  2284 | D:8      | Identified the +7 falchion of Untimely Demise {slice, *Rage Fragile rN++ Int+2} (You found it on level 6 of the Dungeon)
  2415 | D:10     | Entered Level 10 of the Dungeon
  2436 | D:10     | Reached skill level 3 in Dodging
  2485 | D:10     | Noticed a guardian serpent
  2485 | D:10     | Noticed a cyclops
  2487 | D:10     | Noticed a dream sheep
  2487 | D:10     | a guardian serpent changed into a dream sheep
  2491 | D:10     | Noticed a guardian serpent
  2502 | D:10     | Noticed a spiny frog
  2510 | D:10     | Killed a spiny frog
  2510 | D:10     | Reached skill level 6 in Fighting
  2510 | D:10     | Reached XP level 9. HP: 43/89 MP: 9/9
  2513 | D:10     | HP: 7/89 [cyclops/large rock (36)]
  2517 | D:10     | Hit by a large rock thrown by a cyclops

Vault maps used:
D:1:      kennysheep_arrival_seaside
D:2:      cheibrodos_helix_gallery, fedhas_altar_3,
          eat_drink_and_be_merry_uskayaw, old_standard_altar, uniq_sigmund
D:3:      good_gods_mini_temple, uniq_grinder
D:4:      nemelex_altar_shiori, nicolae_ru_path_of_blood, cheibriados_altar_1,
          first_bread, grunt_dithmenos_shadows, uniq_ijyb, uniq_natasha
D:5:      tgw_sif
D:6:      nicolae_overflow_crystal_walls, nicolae_overflow_hidden_temple,
          nicolae_ossuary_entry_plus, uniq_blork_the_orc, uniq_edmund
D:7:      marbit_many_paths, minmay_temple_entry_butterflies,
          serial_co_window_serial, co_window_paths_a, co_window_paths_a,
          co_window_paths_a, co_window_of_opportunity_a,
          co_window_of_opportunity_a, co_window_corner_cb, co_window_broadway_c,
          co_window_2corner, co_window_of_opportunity_b, co_window_paths_c,
          co_window_of_opportunity_b, co_window_4corner_b, glass_columns_a,
          glass_columns_a, glass_columns_a
D:8:      kennysheep_little_box, ashenzari_conservatory_becter,
          kennysheep_generic_room_15
D:9:      old_standard_altar, uniq_erolcha
D:10:     minmay_the_grid_four_pointed_star_mashed, david_orc_5, hangedman_ranch
Ossuary:  ossuary_zaba_two_paths

Skill      XL: |  1  2  3  4  5  6  7  8 |
---------------+-------------------------+-----
Unarmed Combat | 3 5 6 7 9 |  9.1
Fighting       | 2 6 |  6.2
Dodging        | 3 |  3.6
Spellcasting   | |  1.2
Charms         | |  2.0

Action                   |  1- 3 |  4- 6 |  7- 9 || total
-------------------------+-------+-------+-------++-------
Melee: Unarmed           |    98 |    46 |   266 ||   410
       Punch             |       |       |     8 ||     8
 Cast: Shroud of Golubri |     2 |       |     1 ||     3
  Use: Scroll            |       |     2 |    11 ||    13
 Stab: Paralysed         |       |     2 |     4 ||     6
  Eat: Chunk             |     9 |     6 |    13 ||    28
Armor: Robe              |    30 |    10 |    74 ||   114
Dodge: Dodged            |    60 |    21 |   105 ||   186

Table legend:
 A = Spawn XP
 B = Non-spawn XP
 C = Spawn XP percentage of total XP
 D = Spawn monster count
 E = Non-spawn monster count
 F = Spawn count percentage of total count
 G = Total turns spent on level
                    A         B        C        D         E        F      G
               +---------+---------+-------+---------+---------+-------+---------
         Total |      10 |    3052 |   0.3 |       3 |     139 |   2.1 |  2517
               +---------+---------+-------+---------+---------+-------+---------
           D:1 |       0 |      18 |   0.0 |       0 |      11 |   0.0 |   300
           D:2 |       0 |      34 |   0.0 |       0 |      10 |   0.0 |   202
           D:3 |       0 |     423 |   0.0 |       0 |       8 |   0.0 |   315
           D:4 |       7 |     439 |   1.6 |       2 |      16 |  11.1 |   477
           D:5 |       3 |     846 |   0.4 |       1 |      15 |   6.2 |   405
           D:6 |       0 |      33 |   0.0 |       0 |       1 |   0.0 |   122
           D:7 |       0 |       9 |   0.0 |       0 |       3 |   0.0 |   101
           D:8 |       0 |     403 |   0.0 |       0 |      11 |   0.0 |   139
           D:9 |       0 |     121 |   0.0 |       0 |       1 |   0.0 |    61
          D:10 |       0 |     569 |   0.0 |       0 |       6 |   0.0 |    93
       Ossuary |       0 |     157 |   0.0 |       0 |      57 |   0.0 |   302
               +---------+---------+-------+---------+---------+-------+---------
